 Dungeon Crawl Stone Soup version 0.21-a0-509-gecc5317 (webtiles) character file.

4675 kae the Basher (level 10, -5/135 HPs)
             Began as a Minotaur Fighter on Nov 29, 2017.
             Was a Believer of Qazlal.
             Slain by an ogre
             ... wielding a +0 giant spiked club
              (8 damage)
             ... on level 8 of the Dungeon.
             The game lasted 00:06:21 (7654 turns).

kae the Basher (Minotaur Fighter)                   Turns: 7654, Time: 00:06:22

Health: -5/135     AC: 25    Str: 26    XL:     10   Next: 21%
Magic:  12/12      EV:  2    Int:  6    God:    Qazlal [**....]
Gold:   324        SH: 15    Dex: 12    Spells: 9/9 levels left

rFire    . . .     SeeInvis .   a - +1 flail
rCold    . . .     Gourm    .   c - +0 shield
rNeg     + + +     Faith    .   (armour currently unavailable)
rPois    +         Spirit   .   (helmet currently unavailable)
rElec    .         Reflect  .   (cloak currently unavailable)
rCorr    .         Harm     .   (gloves currently unavailable)
MR       .....     NoTele   +   (boots currently unavailable)
Stlth    +.........             (no amulet)
HPRegen  0.32/turn              (no ring)
MPRegen  0.13/turn              (no ring)

@: mighty, tree-form
A: (retaliatory headbutt), evolution 1
a: Upheaval, Renounce Religion


You were on level 8 of the Dungeon.
You worshipped Qazlal.
Qazlal was pleased with you.
You were very hungry.
You were a tree.
You visited 2 branches of the dungeon, and saw 9 of its levels.

You collected 376 gold pieces.
You spent 52 gold pieces at shops.

Inventory:

Hand Weapons
 a - a +1 flail (weapon)
Armour
 b - a +0 scale mail (melded)
 c - a +0 shield (worn)
 n - a +0 cloak (melded)
 q - a +0 pair of gloves (melded)
Wands
 e - a wand of flame (31)
 h - a wand of acid (9)
 k - a wand of clouds (3)
 o - a wand of random effects (37)
 x - a wand of scattershot (5)
Scrolls
 i - a scroll of magic mapping
 j - 3 scrolls of amnesia
Potions
 d - 2 potions of might
 g - a potion of haste
 l - 3 potions of brilliance
 m - 4 potions of mutation
 p - 6 potions of curing
 r - a potion of berserk rage {unknown}
 t - 2 potions of magic
Books
 v - a book of Conjurations

   Spells                             Type                      Level
   a - Magic Dart                     Conjuration                  1
   b - Searing Ray                    Conjuration                  2
   c - Dazzling Spray                 Conjuration/Hexes            3
   d - Fulminant Prism                Conjuration/Hexes            4
   e - Force Lance                    Conjuration/Translocation    4
   f - Iskenderun's Mystic Blast      Conjuration                  4
Comestibles
 f - 3 bread rations
 w - 4 royal jellies
 z - a meat ration


   Skills:
 + Level 8.4 Fighting
 * Level 10.9 Maces & Flails
 + Level 8.3 Armour
 + Level 8.3 Shields
 + Level 5.0 Invocations


You had 9 spell levels left.
You didn't know any spells.

Dungeon Overview and Level Annotations

Branches:
Dungeon (8/15)             Temple (1/1) D:4
   Lair: D:8-11

Altars:
Ashenzari
Cheibriados
Dithmenos
Elyvilon
Fedhas
Hepliaklqana
Kikubaaqudgha
Makhleb
Nemelex Xobeh
Okawaru
Qazlal
Ru
Sif Muna
Trog
Uskayaw
Vehumet
Wu Jian
Xom
Yredelemnul
Zin
The Shining One
Lugonu

Shops:
D:7 !

Annotations:
D:8 Grum


Innate Abilities, Weirdness & Mutations

((You reflexively headbutt those who attack you in melee.))
((You have a pair of horns on your head.))
((Your skin changes colour to match your surroundings (Stealth+).))
You evolve.


Message History

You block the howler monkey's attack.
The crimson imp hits you but does no damage.
You closely miss the crimson imp.
The crimson imp is moderately wounded.
The wolf bites you but does no damage. You block the wolf's attack.
Something hits you but does no damage.
The howler monkey hoots and howls with incredible vigour!
The crimson imp blinks!
You block the wolf's attack. x2
You hear an angry buzzing noise.
You cannot move.
You thump the howler monkey!
You kill the howler monkey!
Qazlal accepts your kill. You block the wolf's attack. x2
You hear a zap.
You hear a grinding noise.
Something hits you but does no damage.
You closely miss the wolf. You block the wolf's attack. x2
The wolf bites you but does no damage. x2
The ogre hits you with a giant spiked club!
You die...

...##.. #...##
.........#....
.........+...##
.........#....##
.......5##.....#
......>.##...#.
............<.#
......Ohh.)(...
......§♣##...#.#
######..##...##..
#####...'...!#
....####.# ##...#
.'. ##### #.


You could see an ogre, 2 wolves and a crimson imp.

Vanquished Creatures
  A two-headed ogre (D:8)
  Joseph (D:7)
  The ghost of kibaces the Thaumaturge, a novice DEAE (D:6)
  A hippogriff (D:8)
  2 ice beasts
  2 orc warriors (D:6)
  3 sky beasts
  2 black bears
  A phantom (D:5)
  2 centaurs (D:8)
  4 bullfrogs
  A water moccasin zombie (D:7)
  2 scorpions
  4 wights (D:6)
  2 howler monkeys (D:8)
  5 crimson imps
  A quasit (D:5)
  9 hounds
  2 jellies
  Crazy Yiuf (D:2)
  3 orc priests
  4 centaur skeletons
  Ijyb (D:3)
  A gnoll shaman (D:6)
  2 iguanas (D:4)
  4 orc wizards
  3 worker ants
  A hound zombie (D:5)
  11 adders
  19 gnolls
  4 shadow imps
  An ooze (D:4)
  6 worms
  3 leopard geckos
  20 orcs
  3 ball pythons
  9 giant cockroaches
  7 goblins
  8 hobgoblins
  5 jackals
  6 kobolds
  4 quokkas
  5 bats
  8 frilled lizards
  A quokka zombie (D:5)
  3 rats
189 creatures vanquished.

Notes
Turn   | Place    | Note
-------+----------+-------------------------------------------
     0 | D:1      | kae the Minotaur Fighter began the quest for the Orb.
     0 | D:1      | Reached XP level 1. HP: 19/19 MP: 0/0
   205 | D:1      | Reached XP level 2. HP: 27/27 MP: 1/1
   636 | D:2      | Reached skill level 3 in Maces & Flails
   637 | D:2      | Reached XP level 3. HP: 32/33 MP: 2/2
  1182 | D:2      | Reached XP level 4. HP: 27/40 MP: 3/3
  1610 | D:2      | Found a runed door.
  1747 | D:2      | Noticed Crazy Yiuf
  1753 | D:2      | Killed Crazy Yiuf
  1753 | D:2      | Reached skill level 4 in Maces & Flails
  2224 | D:3      | Noticed Ijyb
  2235 | D:3      | Killed Ijyb
  2235 | D:3      | Reached XP level 5. HP: 45/47 MP: 4/4
  2947 | D:4      | Reached skill level 5 in Maces & Flails
  2952 | D:4      | Reached XP level 6. HP: 34/55 MP: 5/5
  2954 | D:4      | Reached skill level 5 in Fighting
  3074 | D:4      | Reached skill level 5 in Shields
  3214 | D:4      | Reached skill level 5 in Armour
  3220 | D:4      | Found a staircase to the Ecumenical Temple.
  3751 | Temple   | Entered the Ecumenical Temple
  3871 | Temple   | Became a worshipper of Qazlal Stormbringer
  4091 | D:4      | Reached skill level 6 in Maces & Flails
  4091 | D:4      | Reached XP level 7. HP: 61/61 MP: 6/6
  4540 | D:5      | Entered Level 5 of the Dungeon
  4743 | D:5      | Reached skill level 1 in Invocations
  4757 | D:5      | Reached skill level 7 in Maces & Flails
  4897 | D:5      | Reached XP level 8. HP: 68/70 MP: 8/8
  4908 | D:5      | Reached * piety under Qazlal
  5025 | D:5      | Found a burning altar of Makhleb.
  5032 | D:5      | Found a glowing silver altar of Zin.
  5032 | D:5      | Noticed an angel
  5032 | D:5      | Noticed an Executioner
  5126 | D:5      | Found a shadowy altar of Dithmenos.
  5437 | D:6      | Reached skill level 8 in Maces & Flails
  5465 | D:6      | Noticed kibaces's ghost (novice DEAE)
  5708 | D:6      | Reached ** piety under Qazlal
  5944 | D:6      | Reached XP level 9. HP: 39/78 MP: 10/10
  6181 | D:6      | Reached skill level 9 in Maces & Flails
  6277 | D:6      | Killed kibaces's ghost
  6676 | D:7      | Gained mutation: You evolve. [potion of mutation]
  6676 | D:7      | Gained mutation: Your skin changes colour to match your surroundings (Stealth+). [potion of mutation]
  6693 | D:7      | Noticed Joseph
  6697 | D:7      | Found a white marble altar of Elyvilon.
  6706 | D:7      | Killed Joseph
  6795 | D:7      | Reached skill level 10 in Maces & Flails
  7373 | D:7      | Found Zinawifa's Distillery.
  7377 | D:7      | Bought a potion of degeneration for 13 gold pieces
  7377 | D:7      | Bought a potion of lignification for 39 gold pieces
  7456 | D:7      | Found a glowing golden altar of the Shining One.
  7513 | D:8      | Found a shattered altar of Ashenzari.
  7515 | D:8      | Found a hide-covered altar of Uskayaw.
  7515 | D:8      | Found an iron altar of Okawaru.
  7515 | D:8      | Noticed a two-headed ogre
  7516 | D:8      | Found an ornate altar of the Wu Jian Council.
  7516 | D:8      | Found a hazy altar of Hepliaklqana.
  7622 | D:8      | Noticed a two-headed ogre
  7639 | D:8      | Noticed Grum
  7641 | D:8      | Killed a two-headed ogre
  7641 | D:8      | Reached XP level 10. HP: 23/88 MP: 12/12
  7649 | D:8      | Reached skill level 5 in Invocations
  7650 | D:8      | HP: 2/135 [something (18)]
  7654 | D:8      | Slain by an ogre

Vault maps used:
D:1:      dpeg_arrival_shrine
D:2:      uniq_crazy_yiuf_cottage
D:3:      uniq_ijyb
D:4:      minmay_temple_entry_butterflies, grunt_ministairs_1
D:5:      grunt_temple_overflow_order_and_chaos_2,
          nicolae_dithmenos_the_darkroom, first_bread
D:7:      elyvilon_altar_4, tso_oasis_becter, serial_shops, nicolae_shop_trees,
          uniq_joseph
D:8:      grunt_temple_overflow_open, hangedman_pestilent_swarm, uniq_grum,
          uniq_gastronok, uniq_maurice
Temple:   kb_corrupted_temple

Skill      XL: |  1  2  3  4  5  6  7  8  9 10 |
---------------+-------------------------------+-----
Maces & Flails | 3 4 5 6 7 8 10 | 10.9
Fighting       | 4 5 6 8 |  8.4
Armour         | 4 5 6 8 |  8.3
Shields        | 4 5 6 7 8 |  8.3
Invocations    | 1 3 4 5 |  5.0

Action                   |  1- 3 |  4- 6 |  7- 9 | 10-12 || total
-------------------------+-------+-------+-------+-------++-------
Melee: Flail             |    86 |   164 |   413 |    13 ||   676
       Headbutt          |    13 |    32 |    88 |       ||   133
Invok: Upheaval          |       |       |     1 |       ||     1
  Use: Scroll            |       |       |    16 |       ||    16
       Potion            |       |       |     4 |       ||     4
  Eat: Chunk             |       |     8 |    11 |       ||    19
       Royal jelly       |       |     1 |       |       ||     1
Armor: Scale mail        |    38 |    77 |   180 |       ||   295
       Skin              |       |       |     3 |    22 ||    25
Dodge: Dodged            |    16 |    48 |   132 |     1 ||   197
Block: Shield            |    46 |    93 |   321 |    18 ||   478

Table legend:
 A = Spawn XP
 B = Non-spawn XP
 C = Spawn XP percentage of total XP
 D = Spawn monster count
 E = Non-spawn monster count
 F = Spawn count percentage of total count
 G = Total turns spent on level
                    A         B        C        D         E        F      G
               +---------+---------+-------+---------+---------+-------+---------
         Total |       0 |    6679 |   0.0 |       0 |     189 |   0.0 |  7654
               +---------+---------+-------+---------+---------+-------+---------
           D:1 |       0 |      17 |   0.0 |       0 |      10 |   0.0 |   608
           D:2 |       0 |     133 |   0.0 |       0 |      30 |   0.0 |  1374
           D:3 |       0 |     158 |   0.0 |       0 |      26 |   0.0 |   962
           D:4 |       0 |     562 |   0.0 |       0 |      22 |   0.0 |  1585
           D:5 |       0 |     974 |   0.0 |       0 |      31 |   0.0 |   716
           D:6 |       0 |    2052 |   0.0 |       0 |      46 |   0.0 |  1289
           D:7 |       0 |    1113 |   0.0 |       0 |      15 |   0.0 |   916
           D:8 |       0 |    1670 |   0.0 |       0 |       9 |   0.0 |    65
               +---------+---------+-------+---------+---------+-------+---------
